 Dungeon Crawl Stone Soup version 0.19.5 (webtiles) character file.

487 Kosschaser the Slasher (level 7, -10/61 HPs)
             Began as a Hill Orc Chaos Knight on Mar 3, 2017.
             Mangled by an ogre
             ... wielding a +0 giant club
              (30 damage)
             ... on level 4 of the Dungeon.
             The game lasted 00:11:02 (3489 turns).

Kosschaser the Slasher (Hill Orc Chaos Knight)      Turns: 3489, Time: 00:11:02

Health: -10/61     AC:  9    Str: 19    XL:     7   Next: 13%
Magic:  0/7        EV:  8    Int: 12    God:    Xom [..*...]
Gold:   129        SH:  0    Dex: 10    Spells: 0 memorised, 6 levels left

rFire  . . .     SeeInvis .     a - +1 falchion (chaos)
rCold  . . .     Gourm    .     w - +0 chain mail
rNeg   . . .     Faith    .     (no shield)
rPois  .         Spirit   +     r - +0 hat {Spirit}
rElec  .         Reflect  .     (no cloak)
rCorr  .         Harm     .     (no gloves)
MR     .....                    (no boots)
Stlth  ..........               (no amulet)
                                (no ring)
                                (no ring)

@: no status effects
A: horns 1, blink, strong 1, wild magic 1
a: Blink, Renounce Religion


You were on level 4 of the Dungeon.
You worshipped Xom.
You were a toy of Xom.
You were not hungry.

You visited 1 branch of the dungeon, and saw 5 of its levels.

You collected 129 gold pieces.

Inventory:

Hand Weapons
 a - a +1 falchion of chaos (weapon)
Armour
 r - a +0 hat of spirit shield (worn)
 w - a +0 chain mail (worn)
Wands
 l - a wand of flame (26/48)
 q - a wand of slowing (22/48)
 u - a wand of slowing (35/48)
Scrolls
 b - a scroll of amnesia
 h - 3 scrolls of recharging
 i - 2 scrolls of remove curse
 j - 2 scrolls of teleportation
 p - a scroll of fog {unknown}
Potions
 d - 2 potions of ambrosia
 e - 2 potions of mutation {unknown}
 f - 3 potions of haste {unknown}
 g - a potion of agility {unknown}
 k - 2 potions of cancellation {unknown}
 n - 2 potions of invisibility {unknown}
 o - 2 potions of might {unknown}
 t - a potion of degeneration {unknown}
 v - a potion of berserk rage {unknown}
 x - a potion of curing {unknown}
Comestibles
 c - a bread ration
 m - a meat ration
 s - a slice of pizza


   Skills:
 + Level 5.3 Fighting
 + Level 6.2 Long Blades
 + Level 3.5 Armour
 + Level 2.0 Dodging
 + Level 1.7 Stealth


You had 6 spell levels left.
You didn't know any spells.

Dungeon Overview and Level Annotations

Branches:
Dungeon (5/15)
 Temple: D:4-7

Altars:
Ru
Vehumet
Xom


Innate Abilities, Weirdness & Mutations

You have a pair of small horns on your head.
You can translocate small distances at will.
Your muscles are strong. (Str +2)
Your spells are a little harder to cast, but a little more powerful.


Message History

q - a wand of slowing You are now a toy of Xom.
You now have 129 gold pieces (gained 8).
There is a stone staircase leading up here.
Found a scroll of noise.
Found an escape hatch in the ceiling.
An ogre comes into view. It is wielding a giant club.
The ogre shouts!
The ogre barely misses you.
You hit the ogre.
Space bends around the ogre.
You headbutt the ogre.
The ogre is heavily wounded.
You hit the ogre but do no damage.
The ogre is heavily wounded.
The ogre hits you with a giant club!
You hit the ogre.
The ogre goes berserk!
The ogre is heavily wounded.
The ogre hits you with a giant club!!!
Ouch! That really hurt!
The ogre hits you with a giant club!!
You die...
Xom chortles!

#.# #.###...##
##.#######.###..##
..............?.#
#########.#######
#.# #.# #.#
#.##########
#.......@O.#
##########.# #.#.#
..# #.# ### ##


You could see an ogre (berserk).

Vanquished Creatures
  Grinder (D:3)
  A hound (D:3)
  A bullfrog skeleton (D:5)
  A worker ant (D:5)
  5 gnolls
  5 adders (D:3)
  An ooze (D:4)
  2 worms
  A dart slug (D:1)
  4 leopard geckos
  5 orcs (D:3)
  12 giant cockroaches
  7 hobgoblins
  8 jackals (D:1)
  7 bats
  2 frilled lizards (D:1)
  6 goblins
  7 kobolds
  9 rats
85 creatures vanquished.

Vanquished Creatures (collateral kills)
  A dart slug (D:2)
1 creature vanquished.

Vanquished Creatures (others)
  4 giant cockroaches (D:2)
4 creatures vanquished.

Grand Total: 90 creatures vanquished

Notes
Turn   | Place    | Note
-------+----------+-------------------------------------------
     0 | D:1      | Kosschaser the Hill Orc Chaos Knight began the quest for the Orb.
     0 | D:1      | Reached XP level 1. HP: 19/19 MP: 1/1
   107 | D:1      | Reached XP level 2. HP: 22/27 MP: 2/2
   519 | D:1      | XOM: mild Summ miscast
   653 | D:1      | Reached XP level 3. HP: 30/33 MP: 3/3
   690 | D:1      | Reached skill level 4 in Long Blades
   832 | D:1      | XOM: divination: detect creatures
   918 | D:2      | Reached skill level 1 in Dodging
  1006 | D:2      | XOM: cast spell 'Dispersal'
  1015 | D:2      | XOM: destruction
  1030 | D:2      | Reached XP level 4. HP: 35/41 MP: 4/4
  1234 | D:2      | XOM: god gift: runed hat {god gift}
  1268 | D:2      | XOM: scenery: create altars
  1512 | D:2      | XOM: god gift: 7 tomahawks of dispersal
  1513 | D:2      | XOM: enchant monster (good)
  1871 | D:3      | XOM: snakes to sticks
  1874 | D:3      | Reached XP level 5. HP: 40/47 MP: 3/5
  1890 | D:3      | Found a sacrificial altar of Ru.
  1892 | D:3      | Noticed Jessica
  1893 | D:3      | Noticed Jessica
  1893 | D:3      | Jessica changed into Jessica the kobold
  1893 | D:3      | XOM: polymorph Jessica -> Jessica the kobold
  1899 | D:3      | XOM: 4-stop teleportation journey
  1911 | D:3      | Reached skill level 5 in Long Blades
  1922 | D:3      | Killed Jessica the kobold
  2258 | D:3      | XOM: god gift: 5 needles of confusion
  2294 | D:3      | Noticed Grinder
  2294 | D:3      | Paralysed by Grinder for 5 turns
  2307 | D:3      | Paralysed by Grinder for 2 turns
  2312 | D:3      | XOM: scenery: create altars
  2314 | D:3      | Killed Grinder
  2314 | D:3      | Reached skill level 5 in Fighting
  2314 | D:3      | Reached skill level 1 in Stealth
  2314 | D:3      | Reached XP level 6. HP: 31/56 MP: 4/6
  2476 | D:3      | Reached skill level 6 in Long Blades
  2571 | D:3      | XOM: give mutations
  2571 | D:3      | Gained mutation: Your spells are a little harder to cast, but a little more powerful. [Xom's grace]
  2571 | D:3      | Gained mutation: You can translocate small distances at will. [Xom's grace]
  2571 | D:3      | Gained mutation: Your muscles are strong. (Str +2) [Xom's grace]
  2571 | D:3      | Gained mutation: You have a pair of small horns on your head. [Xom's grace]
  2613 | D:3      | XOM: cleaving
  3091 | D:3      | XOM: summons 4 hostile shadow creatures
  3119 | D:3      | You fall through a shaft for 2 floors!
  3119 | D:5      | Entered Level 5 of the Dungeon
  3119 | D:5      | Found a radiant altar of Vehumet.
  3152 | D:5      | Reached XP level 7. HP: 10/61 MP: 3/7
  3388 | D:4      | XOM: god gift: 5 gold pieces
  3426 | D:4      | XOM: polymorph scorpion -> ooze
  3489 | D:4      | Mangled by an ogre

Skill      XL: |  1  2  3  4  5  6 |
---------------+-------------------+-----
Fighting       | 4 5 |  5.3
Long Blades    | 4 5 6 |  6.2
Dodging        | 1 2 |  2.0
Armour         | 3 |  3.5
Stealth        | 1 |  1.7

Action                   |  1- 3 |  4- 6 |  7- 9 || total
-------------------------+-------+-------+-------++-------
Melee: Falchion          |   110 |   182 |    11 ||   303
       Headbutt          |       |     6 |     1 ||     7
  Use: Scroll            |       |     8 |       ||     8
 Stab: Petrified         |       |     2 |       ||     2
       Paralysed         |       |     2 |       ||     2
       Petrifying        |       |     1 |       ||     1
       Confused          |       |     1 |       ||     1
  Eat: Chunk             |       |     7 |       ||     7
       Bread ration      |       |       |     1 ||     1
Armor: Leather armour    |    43 |    22 |       ||    65
       Chain mail        |       |    80 |     6 ||    86
Dodge: Dodged            |    72 |   100 |     1 ||   173
       Rpst.: Falchion   |    27 |    32 |       ||    59
